 Dungeon Crawl Stone Soup version 0.22-a0-429-g97ce8ef (webtiles) character file.

92 Jynxie the Skirmisher (level 4, 0/29 HPs)
             Began as a Gargoyle Monk on May 25, 2018.
             Slain by Sigmund
             ... wielding a +0 scythe
              (8 damage)
             ... on level 3 of the Dungeon.
             The game lasted 00:03:40 (2288 turns).

Jynxie the Skirmisher (Gargoyle Monk)               Turns: 2288, Time: 00:03:41

Health: 0/29       AC:  8    Str: 15    XL:     4   Next: 60%
Magic:  4/4        EV: 11    Int: 10    God:
Gold:   142        SH:  0    Dex: 13    Spells: 3/3 levels left

rFire    . . .     SeeInvis .   a - +1 hand axe
rCold    . . .     Gourm    .   (no shield)
rNeg     + + .     Faith    .   l - +0 ring mail
rPois    ∞         Spirit   .   (no helmet)
rElec    +         Reflect  .   (no cloak)
rCorr    .         Harm     .   (no gloves)
MR       .....                  (no boots)
Stlth    +.........             (no amulet)
HPRegen  0.09/turn              d - ring of wizardry
MPRegen  0.09/turn              n - ring of positive energy

@: no status effects
A: negative energy resistance 1, electricity resistance, unbreathing,
petrification resistance, rot immunity, AC +3
a: no special abilities


You were on level 3 of the Dungeon.
You were not hungry.

You visited 1 branch of the dungeon, and saw 3 of its levels.

You collected 142 gold pieces.

Inventory:

Hand Weapons
 a - a +1 hand axe (weapon)
Armour
 l - a +0 ring mail (worn)
   (You found it on level 2 of the Dungeon)
Jewellery
 d - a ring of wizardry (left hand)
   (You found it on level 1 of the Dungeon)
 n - a ring of positive energy (right hand)
   (You found it on level 3 of the Dungeon)
Scrolls
 c - a scroll of fog {unknown}
 f - a scroll of magic mapping
 g - a scroll of teleportation {unknown}
 i - 3 scrolls of identify {unknown}
 j - a scroll of enchant weapon
 o - 3 scrolls of remove curse {@r2}
Potions
 h - a potion of brilliance {unknown}
 k - a potion of agility {unknown}
 m - 2 potions of flight {unknown}
Comestibles
 b - 2 chunks of flesh
 e - 3 rations {!d}


   Skills:
 + Level 4.2 Fighting
 * Level 4.2 Axes
 - Level 2.4 Dodging
 - Level 2.1 Stealth


You had 3 spell levels left.
You didn't know any spells.
Your spell library was empty.

Dungeon Overview and Level Annotations

Branches:
Dungeon (3/15)

Altars:
Cheibriados

Annotations:
D:3 Sigmund


Innate Abilities, Weirdness & Mutations

You are resistant to torment.
Your stone body is resilient. (AC +3)
You are immune to poison.
You resist negative energy. (rN+)
You are resistant to electric shocks. (rElec)
You can survive without breathing.
You are immune to petrification.
You are immune to rotting.


Message History

Things that are here:
a club; a rat skeleton You now have 131 gold pieces (gained 16).
Found 11 gold pieces.
An adder comes into view.
The adder hisses angrily.
An adder is nearby!
The adder completely misses you.
Your ring mail prevents you from hitting the adder.
The adder closely misses you.
You slash the adder!
The adder bites you but does no damage. x2
You hit the adder. The adder bites you.
You hit the adder.
You kill the adder!
No target in view!
You butcher the adder corpse.
b - 2 chunks of flesh (gained 1)
Found a leather armour.
You now have 142 gold pieces (gained 11).
Found 3 scrolls of remove curse.
o - 3 scrolls of remove curse {@r2}
Found a dagger.
A leopard gecko and Sigmund come into view.
The leopard gecko hisses angrily.
Sigmund shouts!
Sigmund casts a spell.
Sigmund flickers and vanishes!
Deactivating autopickup; reactivate with Ctrl-A.
The leopard gecko hisses menacingly.
You closely miss the leopard gecko.
The leopard gecko bites you but does no damage.
You miss the leopard gecko. The leopard gecko barely misses you.
Something hits you!
You barely miss the leopard gecko.
The leopard gecko bites you but does no damage. x2
You barely miss the leopard gecko.
The leopard gecko hisses menacingly.
The leopard gecko barely misses you.
You hit the leopard gecko.
You kill the leopard gecko!
Something hits you. Something hits you!
* * * LOW HITPOINT WARNING * * *
You see here a leopard gecko corpse.
You hit something. You barely miss something. Something hits you.
* * * LOW HITPOINT WARNING * * *
You miss something. Something hits you!
You die...

##############
#............#
#####.##########.#
.......# #.#
.......# #.#
#####..# #.#
#####..##### #.#
...........# #.#
###.....##.# #@#
####...###[#####{#
.............)...#
#####..###.##l####
.......# #.
#####.## #l # #.#
#. #.# #. #.# #.


There were no monsters in sight!

Vanquished Creatures
  5 adders
  A worm (D:3)
  3 leopard geckos
  2 bats
  3 giant cockroaches
  2 goblins (D:2)
  8 hobgoblins
  6 jackals
  3 frilled lizards
  2 kobolds
  6 rats
41 creatures vanquished.

Notes
Turn   | Place    | Note
-------+----------+-------------------------------------------
     0 | D:1      | Jynxie the Gargoyle Monk began the quest for the Orb.
     0 | D:1      | Reached XP level 1. HP: 14/14 MP: 1/1
    71 | D:1      | Reached XP level 2. HP: 8/19 MP: 2/2
  1013 | D:2      | Found a snail-covered altar of Cheibriados.
  1025 | D:2      | Reached XP level 3. HP: 10/24 MP: 3/3
  1709 | D:2      | Reached XP level 4. HP: 26/29 MP: 4/4
  2270 | D:3      | Noticed Sigmund
  2288 | D:3      | Slain by Sigmund

Vault maps used:
D:1:      sevenhm_arrival_forest_fort_large_4, minivault_4
D:2:      cheibriados_altar_1
D:3:      chequers_ecumenical_altar_simple_redux, uniq_sigmund

Skill      XL: |  1  2  3  4 |
---------------+-------------+-----
Axes           | 3 4 |  4.2
Fighting       | 4 |  4.2
Dodging        | |  2.4
Stealth        | |  2.1

Action                   |  1- 3 |  4- 6 || total
-------------------------+-------+-------++-------
Melee: Hand axe          |   100 |    48 ||   148
  Use: Scroll            |       |     5 ||     5
 Stab: Sleeping          |     3 |     2 ||     5
  Eat: Chunk             |     3 |     1 ||     4
Armor: Robe              |    32 |     4 ||    36
       Ring mail         |       |     9 ||     9
Dodge: Dodged            |    68 |    17 ||    85

Table legend:
 A = Spawn XP
 B = Non-spawn XP
 C = Spawn XP percentage of total XP
 D = Spawn monster count
 E = Non-spawn monster count
 F = Spawn count percentage of total count
 G = Total turns spent on level
                    A         B        C        D         E        F      G
               +---------+---------+-------+---------+---------+-------+---------
         Total |       0 |     132 |   0.0 |       0 |      41 |   0.0 |  2288
               +---------+---------+-------+---------+---------+-------+---------
           D:1 |       0 |      29 |   0.0 |       0 |      16 |   0.0 |   849
           D:2 |       0 |      76 |   0.0 |       0 |      19 |   0.0 |  1098
           D:3 |       0 |      27 |   0.0 |       0 |       6 |   0.0 |   341
               +---------+---------+-------+---------+---------+-------+---------
